 Dungeon Crawl Stone Soup version 0.31.0-11-ge490571c62 (webtiles) character file.

Game seed: 9022467844986250922

27 hito the Sneak (level 2, 0/23 HPs)
             Began as a Vampire Delver on Jan 26, 2024.
             Was an Initiate of Hepliaklqana.
             Succumbed to a goblin's poison
             ... on level 2 of the Dungeon.
             The game lasted 00:01:59 (242 turns).

hito the Sneak (Vampire Delver)                      Turns: 242, Time: 00:02:00

Health: 0/23       AC:  3    Str: 11    XL:     2   Next: 93%
Magic:  2/2        EV: 12    Int: 12    God:    Hepliaklqana [......]
Gold:   0          SH:  0    Dex: 15    Spells: 1/1 levels left

rFire   . . .        a - +0 short sword
rCold   . . .        (no shield)
rNeg    . . .        b - +0 leather armour
rPois   .            (no helmet)
rElec   .            (no cloak)
rCorr   .            (no gloves)
SInv    +            (no boots)
Will    .....        (no amulet)
Stlth   +++          (no ring)
HPRegen 0.43/turn    (no ring)
MPRegen 0.08/turn

%: no passive effects
@: lethally poisoned (0 -> -9), healing quickly, hasted, very quick
A: alive, fangs 3, see invisible, vampiric 1
a: Exsanguinate, Renounce Religion


You were on level 2 of the Dungeon.
You worshipped Hepliaklqana.
Hepliaklqana was noncommittal.
You visited 1 branch of the dungeon, and saw 4 of its levels.

Inventory:

Hand Weapons
 a - a +0 short sword (weapon)
Armour
 b - a +0 leather armour (worn)
Wands
 g - a wand of digging (3)
Scrolls
 c - a scroll of fog
 d - a scroll of revelation
 e - a scroll of fear


   Skills:
 - Level 2.6 Fighting
 + Level 3.8 Short Blades
 - Level 2.1 Dodging
 - Level 7.2 Stealth


You had one spell level left.
You didn't know any spells.
Your spell library was empty.

Dungeon Overview and Level Annotations

Branches:
Dungeon (5/15)
 Temple: D:4-7

Altars:
Hepliaklqana

Annotations:
D:4 Robin
D:5 Duvessa


Innate Abilities, Weirdness & Mutations

Your natural rate of healing is accelerated.
You have razor-sharp teeth.
You have supernaturally acute eyesight. (SInv)
You are afflicted with vampirism.


Message History

There is a stone staircase leading down here.
Unknown command.
A kobold comes into view. It is wielding a +0 dagger.
The kobold shouts! x2
The goblin hits you but does no damage.
You are poisoned.
The hound barely misses you. The goblin closely misses you.
You feel sick. The hound barely misses you.
The goblin hits you but does no damage.
The goblin hits you with a +4 dagger of venom.
You are more poisoned.
There is a stone staircase leading up here.
Unknown command.
You feel very sick. The hound misses you. The goblin closely misses you.
The goblin barely misses you.
The kobold throws a poisoned dart.
The poisoned dart misses you.
You climb upwards.
You feel sick.
Found eight items.
There is a stone staircase leading down here.
You feel yourself speed up.
You feel very sick. The hound misses you. The hound bites you.
* * * LOW HITPOINT WARNING * * *
The goblin barely misses you. The goblin hits you but does no damage.
You are more poisoned.
Unknown command.
Found a stone staircase leading down.
* * * LOW HITPOINT WARNING * * *
You feel sick.
You barely miss the hound.
* * * LOW HITPOINT WARNING * * *
You feel sick.
An endoplasm and a ribbon worm come into view.
* * * LOW HITPOINT WARNING * * *
You feel sick.
The endoplasm quivers.
You hit the hound.
The hound is lightly wounded.
You die...

####............
...........h....
# #.!...!.......?
..#........$.....
#..........K.(..!
.........g.......
.........g# #
.###...h..#...#
.......@........
........#.....##
.>.#....!......#
##..............
##.............
#...!....b....
..............
#.......w..J.


You could see a ribbon worm (asleep), a hound, an endoplasm, a jackal (asleep),
2 goblins, a bat (asleep) and a kobold.

Vanquished Creatures
  2 adders (D:5)
  A white imp (D:5)
  A quokka (D:5)
4 creatures vanquished.

Notes
Turn   | Place    | Note
-------+----------+-------------------------------------------
     0 | D:5      | hito the Vampire Delver began the quest for the Orb.
     0 | D:5      | Reached XP level 1. HP: 17/17 MP: 1/1
    52 | D:5      | Noticed an orc priest
   134 | D:5      | Reached XP level 2. HP: 23/23 MP: 2/2
   146 | D:5      | Found a hazy altar of Hepliaklqana.
   151 | D:5      | Became a worshipper of Hepliaklqana the Forgotten
   225 | D:5      | Noticed an ogre
   227 | D:5      | Noticed Duvessa
   229 | D:4      | Noticed Robin
   241 | D:2      | HP: 1/23 [poisoned by a goblin]
   242 | D:2      | Succumbed to a goblin's poison

Illustrated notes

Levels and vault maps discovered:
D:2:      layout_rooms, corexii_item_surrounded_by_moat,
          minmay_misc_feat_secret_circle
D:3:      layout_basic, lemuel_doored_altar, lemuel_crystal_altar,
          minmay_strange_pillars, nrook_campfire, st_stairs_4
D:4:      layout_rooms, nzn_wu_jian_council_hall, okawaru_trees_1,
          mainiacjoe_overflow_concentric_impassable,
          mainiacjoe_overflow_surrounded_room, mainiacjoe_overflow_paths,
          minmay_vboxes, uniq_blork_the_orc, uniq_robin, uniq_natasha
D:5:      layout_loops_cross, nicolae_dithmenos_the_darkroom, kennysheep_mini,
          mainiacjoe_overflow_alcove_4, temple_fountains, serial_shops, shop,
          hangedman_decor_slide_cut, uniq_duvessa

Skill      XL: |  1 |
---------------+----+-----
Short Blades   | 3 |  3.8
Fighting       | |  2.6
Dodging        | |  2.1
Stealth        | |  7.2

Action                     || total
---------------------------++-------
  Melee: Short sword       ||    17
    Use: Potion            ||     1
   Stab: Sleeping          ||     2
 Armour: Leather armour    ||    13
  Dodge: Dodged            ||    24
